[Event "42nd Olympiad Baku 2016 Women"]
[Site "Baku"]
[Date "2016.09.08"]
[Round "6.13"]
[White "Munoz, Alba"]
[Black "Zengeni, Tatenda Melisa"]
[Result "0-1"]
[ECO "B01"]
[WhiteElo "1704"]
[BlackElo "1649"]
[Annotator ""]
[PlyCount "122"]
[EventDate "2016.??.??"]
[EventType "team-tourn"]
[EventCountry "AZE"]
[SourceTitle "playchess.com"]
[Source "ChessBase"]
[WhiteTeam "Panama"]
[BlackTeam "Zimbabwe"]
[WhiteTeamCountry "PAN"]
[BlackTeamCountry "ZIM"]
[TimeControl "40/5400+30:1800+30"]

1. e4 {(00:00} d5 {(00:00} 2. exd5 {(00:00} Qxd5 {
(00:00} 3. d4 {(00:09} Bf5 {(02:31} 4. Nc3 {(00:
48} Qd8 5. Nf3 {(00:33} Nf6 {(01:29} 6. Bf4 {(04:05}
c6 {(01:04} 7. Bc4 {(03:24} e6 {(00:44} 8. O-O {
(00:12} Be7 {(00:07} 9. Re1 {(01:17} O-O {(00:
18} 10. Bd3 {(01:13} Bxd3 {(01:59} 11. Qxd3 {(00:14}
Nbd7 {(00:58} 12. Ne2 {(04:06} Re8 {(01:03} 13. c4 {
(01:00} Nc5 {(05:22} 14. Qc2 {(02:57} Ncd7 {(11:
14} 15. Ng3 {(02:12} Nf8 {(01:24} 16. c5 {(05:28} Nd5
{(01:13} 17. Bd2 {(03:28} Ng6 {(01:33} 18. b4 {(
03:26} Qc7 {(09:54} 19. Rab1 {(04:15} Rad8 20. b5 cxb5 {
(05:02} 21. Rxb5 {(00:47} b6 {(03:42} 22. Rc1 {(
04:30} a6 {(02:53} 23. Rb2 {(00:58} bxc5 {(04:50} 24.
dxc5 {(01:09} Bf6 {(01:07} 25. Rb3 {(02:11} Rc8 {
(01:23} 26. c6 {(14:31} Nge7 {(06:06} 27. Qd3 {(
02:26} Qa7 {(08:35} 28. Ra3 {(10:52} Rxc6 {(05:07} 29.
Rxc6 {(01:47} Nxc6 {(00:18} 30. Rxa6 {(04:16} Qb7 {
(01:53} 31. Ra4 {(04:50} Rb8 {(04:49} 32. h3 {(
02:17} h6 {(00:44} 33. Qc4 {(04:24} Ne5 {(04:36} 34.
Nxe5 {(07:10} Bxe5 {(00:11} 35. Nf1 {(04:25} Nb6 {
(03:29} 36. Qg4 {(01:50} Nxa4 {(00:14} 37. Qxa4 {
(00:16} Ra8 {(00:55} 38. Qg4 {(00:50} Rxa2 {(03:
20} 39. Bxh6 {(00:33} Qb1 {(01:55} 40. Be3 {(00:00}
Ra1 {(00:00} 41. Qc4 {(00:33} Qxf1+ {(03:06} 42. Qxf1 {
(00:08} Bh2+ {(00:19} 43. Kxh2 {(00:17} Rxf1 {(
00:09} 44. g3 {(00:53} Kh7 {(00:53} 45. Kg2 {(00:13}
Ra1 {(00:48} 46. h4 {(04:58} Ra2 {(02:08} 47. Bd4 {
(00:42} Kg6 {(00:30} 48. Bb6 {(01:08} Kf5 {(01:
04} 49. Be3 {(01:05} Kg4 {(00:48} 50. Bg5 {(01:15} f6
{(03:48} 51. Bf4 {(01:01} e5 {(02:42} 52. Be3 {(
00:13} Re2 {(01:29} 53. Bc1 {(00:33} f5 {(01:46} 54.
Bg5 {(03:18} f4 {(02:41} 55. gxf4 {(06:48} exf4 {
(00:26} 56. Bd8 {(00:28} f3+ {(00:57} 57. Kf1 {(
01:31} Rd2 {(00:27} 58. Ba5 {(02:52} Rd1+ {(00:11} 59.
Be1 {(01:10} Kxh4 {(00:26} 60. Kg1 {(01:45} Kh3 {
(01:10} 61. Kf1 {(00:28} g6 {(00:22} 0-1

[Event "42nd Olympiad Baku 2016 Women"]
[Site "Baku"]
[Date "2016.09.08"]
[Round "6.16"]
[White "Musaeva, Shakhnazi"]
[Black "Diaz, Luisa"]
[Result "0-1"]
[ECO "B01"]
[WhiteElo "1611"]
[BlackElo "1825"]
[Annotator ""]
[PlyCount "50"]
[EventDate "2016.??.??"]
[EventType "team-tourn"]
[EventCountry "AZE"]
[SourceTitle "playchess.com"]
[Source "ChessBase"]
[WhiteTeam "Kyrgyzstan"]
[BlackTeam "Guatemala"]
[WhiteTeamCountry "KGZ"]
[BlackTeamCountry "GUA"]
[TimeControl "40/5400+30:1800+30"]

1. e4 {(00:00} d5 {(00:00} 2. exd5 {(00:00} Qxd5 {
(00:00} 3. Nc3 {(00:09} Qd6 {(00:56} 4. d4 {(05:
23} Nf6 {(00:19} 5. h3 {(00:32} g6 {(00:09} 6. Nf3 {
(00:14} Bg7 {(00:31} 7. Bc4 {(01:11} a6 {(01:51]
} 8. a4 {(01:31} O-O {(01:07} 9. O-O {(01:42} b6 {
(04:08} 10. Be3 {(03:20} Bb7 {(00:24} 11. Qe2 {(
00:34} Nbd7 {(03:52} 12. Rad1 {(02:34} c6 {(06:13} 13.
Bb3 {(19:57} Qc7 {(04:40} 14. Qd2 {(07:06} c5 {(
17:29} 15. Bf4 {(01:25} Qc8 {(01:08} 16. d5 {(04:47}
c4 {(06:21} 17. Ba2 {(00:07} b5 {(00:08} 18. Ne5 {
(11:50} Nb6 {(15:29} 19. axb5 {(10:47} axb5 {(
00:36} 20. Ra1 {(00:23} Nfxd5 {(02:27} 21. Rfe1 {(06:
34} Qf5 {(06:19} 22. Bg3 {(00:57} Nb4 {(10:16} 23. Re2
{(04:01} Rfd8 {(00:21} 24. Qf4 {(01:15} Qxf4 {(
02:38} 25. Bxf4 {(00:03} N6d5 {(00:16} 0-1

[Event "42nd Olympiad Baku 2016 Women"]
[Site "Baku"]
[Date "2016.09.08"]
[Round "6.1"]
[White "Muzychuk, Anna"]
[Black "Kosteniuk, Alexandra"]
[Result "1-0"]
[ECO "A29"]
[WhiteElo "2550"]
[BlackElo "2538"]
[Annotator ""]
[PlyCount "113"]
[EventDate "2016.??.??"]
[EventType "team-tourn"]
[EventCountry "AZE"]
[SourceTitle "playchess.com"]
[Source "ChessBase"]
[WhiteTeam "Ukraine"]
[BlackTeam "Russia"]
[WhiteTeamCountry "UKR"]
[BlackTeamCountry "RUS"]
[TimeControl "40/5400+30:1800+30"]

1. c4 {(00:00} Nf6 {(00:00} 2. Nc3 {(00:00} e5 {
(00:24} 3. Nf3 {(00:00} Nc6 {(00:07} 4. g3 {(00:
02} Bc5 {(00:43} 5. Nxe5 {(00:23} Bxf2+ {(01:49} 6.
Kxf2 {(00:07} Nxe5 {(00:03} 7. e4 {(00:22} d6 {(
04:06} 8. d4 {(01:02} Bg4 {(01:39} 9. Be2 {(06:01}
Bxe2 {(02:10} 10. Qxe2 {(00:06} Nc6 {(06:36} 11. Rd1 {
(01:18} O-O {(03:36} 12. Kg2 {(01:34} Re8 {(06:
47} 13. Qf3 {(08:41} h6 {(01:55} 14. Be3 {(01:03} Qe7
{(03:03} 15. Bf2 {(06:08} Qd7 {(07:18} 16. Re1 {
(06:50} Ng4 {(09:07} 17. Bg1 {(01:10} Nb4 {(00:
34} 18. Rad1 {(02:03} c6 {(07:13} 19. a3 {(16:03} Na6
{(00:05} 20. e5 {(00:45} h5 {(07:15} 21. h3 {(
15:08} Nh6 {(00:05} 22. exd6 {(00:53} Qxd6 {(01:32}
23. Qxh5 {(00:13} Re6 {(01:08} 24. Rxe6 {(01:23} Qxe6 {
(03:55} 25. Qe2 {(03:27} Qg6 {(00:34} 26. d5 {(
04:33} Nf5 {(07:12} 27. Qg4 {(01:29} Qf6 {(01:26} 28.
Rf1 {(06:25} g6 {(00:27} 29. Qf4 {(00:23} cxd5 {
(05:11} 30. cxd5 {(01:37} Qd6 {(08:06} 31. g4 {(
03:27} Qxf4 {(00:25} 32. Rxf4 {(00:03} Nd6 {(00:25}
33. Bd4 {(00:34} f5 {(02:30} 34. Be5 {(02:29} Nf7 {
(00:05} 35. Bf6 {(00:29} Nd6 {(04:46} 36. Be7 {(
05:36} Nc8 {(00:05} 37. d6 {(00:35} Nxe7 {(00:05} 38.
dxe7 {(00:04} Kf7 {(03:42} 39. Nd5 {(01:45} Ke6 {
(00:08} 40. Rd4 {(00:00} Re8 {(00:00} 41. gxf5+ {
(15:04} gxf5 {(02:48} 42. Rd1 {(00:29} Ke5 {(00:
18} 43. Kf3 {(05:33} Nb8 {(11:08} 44. Nf4 {(00:52} Nc6
{(00:05} 45. Re1+ {(01:17} Kf6 {(03:33} 46. Nd5+ {
(02:03} Kf7 {(00:13} 47. Kf4 {(01:03} Nd4 {(00:
47} 48. Re5 {(02:16} b5 {(04:11} 49. Ke3 {(03:44} Nc6
{(00:46} 50. Rxf5+ {(00:28} Kg7 {(00:03} 51. Kd3 {
(00:49} a5 {(01:56} 52. Rf6 {(04:09} Ne5+ {(00:
26} 53. Ke4 {(00:10} Ng6 {(03:30} 54. Re6 {(01:19} Kf7
{(00:33} 55. Kf5 {(00:49} Nh4+ {(01:33} 56. Ke5 {
(00:08} Rb8 {(01:31} 57. Nc7 {(01:03} 1-0

[Event "42nd Olympiad Baku 2016 Women"]
[Site "Baku"]
[Date "2016.09.08"]
[Round "6.6"]
[White "Myronenko, Natalya"]
[Black "Morales Santos, Natasha"]
[Result "1/2-1/2"]
[ECO "C02"]
[WhiteElo "1922"]
[BlackElo "1908"]
[Annotator ""]
[PlyCount "126"]
[EventDate "2016.??.??"]
[EventType "team-tourn"]
[EventCountry "AZE"]
[SourceTitle "playchess.com"]
[Source "ChessBase"]
[WhiteTeam "ICCD"]
[BlackTeam "Puerto Rico"]
[WhiteTeamCountry "UKR"]
[BlackTeamCountry "PUR"]
[TimeControl "40/5400+30:1800+30"]

1. e4 {(00:00} e6 {(00:00} 2. d4 {(00:00} d5 {(
00:09} 3. e5 {(00:42} c5 {(00:11} 4. c3 {(00:15} Nc6 {
(00:10} 5. Nf3 {(00:10} Bd7 {(00:10} 6. Be2 {(
00:27} Nge7 {(00:18} 7. Na3 {(00:35} Nf5 {(00:17} 8.
Nc2 {(00:15} cxd4 {(00:22} 9. cxd4 {(00:19} Qb6 {
(00:22} 10. O-O {(01:04} Na5 {(00:32} 11. Ne3 {(
01:18} Nxe3 {(04:22} 12. fxe3 {(00:19} Be7 {(00:19}
13. Qe1 {(04:58} Bb5 {(06:14} 14. Kh1 {(02:57} Bxe2 {
(01:21} 15. Qxe2 {(00:13} Rc8 {(01:54} 16. e4 {(
05:16} O-O {(06:39} 17. Ng5 {(26:26} Qxd4 {(08:11} 18.
exd5 {(16:43} Qxd5 {(02:05} 19. Bf4 {(02:33} Bxg5 {
(09:36} 20. Bxg5 {(00:44} Nc6 {(00:34} 21. Bf4 {
(01:14} Rcd8 {(04:30} 22. h3 {(01:31} Qd3 {(01:
38} 23. Qf2 {(02:51} Rd5 {(04:44} 24. Rac1 {(03:21}
Rfd8 {(02:40} 25. Kh2 {(04:28} Qf5 {(04:13} 26. Rc3 {
(14:02} R8d7 {(11:43} 27. Rf3 {(04:22} Nxe5 {(
02:48} 28. Bxe5 {(01:04} Qxe5+ {(00:11} 29. Kh1 {(00:
13} f6 {(01:42} 30. Qxa7 {(00:31} Qxb2 {(01:03} 31. a4
{(02:43} Rd2 {(02:14} 32. Rg3 {(00:22} Rd1 {(03:
02} 33. Rxd1 {(00:48} Rxd1+ {(00:10} 34. Kh2 {(00:02}
Rd7 {(01:31} 35. Qb8+ {(00:29} Kf7 {(00:32} 36. Qh8 {
(00:11} f5 {(03:47} 37. Qxh7 {(00:33} Qf6 {(01:
51} 38. Qh5+ {(00:31} g6 {(01:06} 39. Qh6 {(01:44} Qg7
{(01:05} 40. Qf4 {(00:00} e5 {(00:00} 41. Qc4+ {
(00:46} Kf6 {(04:39} 42. Rb3 {(00:40} Qf7 {(01:
58} 43. Rb6+ {(01:24} Kg7 {(01:38} 44. Qc3 {(01:36}
Qe7 {(04:12} 45. a5 {(00:37} Kh7 {(07:06} 46. Qg3 {
(02:40} Rd6 {(01:06} 47. Rb5 {(00:59} e4 {(01:
00} 48. Rxb7 {(05:39} Qxb7 {(00:54} 49. Qxd6 {(00:12}
e3 {(01:53} 50. Qb6 {(06:12} Qe7 {(04:16} 51. Qb1 {
(02:49} Qe5+ {(01:06} 52. Kg1 {(02:28} Qxa5 {(
00:24} 53. Qb7+ {(00:06} Kh6 {(00:47} 54. Qe7 {(00:05}
Qe1+ {(00:54} 55. Kh2 {(00:01} Qf2 {(02:48} 56. h4 {
(03:22} Qf4+ {(04:41} 57. Kh3 {(00:14} Qg4+ {(
12:03} 58. Kh2 {(00:13} Qe4 {(00:29} 59. Qf6 {(03:34}
Qf4+ {(01:05} 60. Kh3 {(00:01} Qg4+ {(00:35} 61. Kh2 {
(00:02} Qf4+ {(00:34} 62. Kh3 {(00:46} Qg4+ {(
01:35} 63. Kh2 {(00:03} Qf4+ 1/2-1/2

[Event "42nd Olympiad Baku 2016 Women"]
[Site "Baku"]
[Date "2016.09.08"]
[Round "6.11"]
[White "Naleli Mcpherson"]
[Black "Taweesupmun, Chanida"]
[Result "0-1"]
[ECO "C42"]
[WhiteElo "1259"]
[BlackElo "1773"]
[Annotator ""]
[PlyCount "99"]
[EventDate "2016.??.??"]
[EventType "team-tourn"]
[EventCountry "AZE"]
[SourceTitle "playchess.com"]
[Source "ChessBase"]
[WhiteTeam "Lesotho"]
[BlackTeam "Thailand"]
[WhiteTeamCountry "LES"]
[BlackTeamCountry "THA"]
[TimeControl "40/5400+30:1800+30"]

1. e4 {(00:00} e5 {(00:00} 2. Nf3 {(00:11} Nf6 {
(00:18} 3. Nxe5 {(03:28} d6 {(00:11} 4. Nf3 {(
00:36} Nxe4 {(00:13} 5. Qe2 {(02:06} Qe7 {(01:31} 6.
d4 {(02:34} Nf6 {(06:20} 7. Qxe7+ {(03:04} Bxe7 {
(00:06} 8. Bc4 {(00:41} Bg4 {(04:40} 9. Nbd2 {(
01:11} O-O {(01:31} 10. O-O {(00:17} Bf5 {(02:23} 11.
c3 {(03:11} d5 {(00:45} 12. Bb3 {(03:13} Nbd7 {(
07:26} 13. Re1 {(04:58} Bd6 {(02:27} 14. Nf1 {(05:04}
Rae8 {(04:27} 15. Bg5 {(03:24} c6 {(01:46} 16. Ng3 {
(06:01} Bg4 {(02:14} 17. Bd1 {(03:59} h6 {(13:
48} 18. Bd2 {(03:39} Ne4 {(07:55} 19. Nf1 {(07:38}
Nxd2 {(02:01} 20. N1xd2 {(03:06} Bf4 {(01:19} 21. Rxe8
{(05:13} Rxe8 {(00:20} 22. Nf1 {(01:42} Nf6 {(
04:15} 23. h3 {(02:24} Bf5 {(02:38} 24. Nh4 {(02:43}
Bd3 {(01:22} 25. Bf3 {(06:20} g5 {(02:18} 26. g3 {
(01:17} Bd6 {(03:29} 27. Ng2 {(01:04} Be2 {(01:
58} 28. Bxe2 {(01:33} Rxe2 {(00:14} 29. Rb1 {(03:09}
Ne4 {(00:33} 30. f3 {(04:34} Nxg3 {(00:28} 31. Nxg3 {
(01:45} Bxg3 {(00:08} 32. Kf1 {(00:26} Rd2 {(02:
06} 33. Ne3 {(02:30} Rf2+ {(01:13} 34. Kg1 {(01:15}
Rxf3 {(01:16} 35. Nf1 {(03:11} Bh4 {(02:15} 36. Rd1 {
(02:59} Rxh3 {(01:57} 37. Kg2 {(00:22} g4 {(00:
32} 38. Rd2 {(03:12} f5 {(02:07} 39. Re2 {(01:32} Kf7
{(01:04} 40. Re3 {(00:00} Rxe3 {(00:00} 41. Nxe3 {
(00:17} Ke6 {(00:37} 42. a3 {(01:20} h5 {(00:25]
} 43. Nf1 {(02:22} f4 {(00:15} 44. Kh2 {(08:30} Be1 {
(01:03} 45. Kg2 {(05:32} Kf5 {(00:09} 46. Nh2 {(
02:02} Ke4 {(00:21} 47. Kf1 {(00:36} g3 {(00:45} 48.
Ng4 {(02:03} hxg4 {(00:10} 49. Kxe1 {(00:12} f3 {
(00:09} 50. Kf1 {(00:52] Ke5} 0-1

[Event "42nd Olympiad Baku 2016 Women"]
[Site "Baku"]
[Date "2016.09.08"]
[Round "6.17"]
[White "Narva, Mai"]
[Black "Khademalsharieh, Sarasadat"]
[Result "1/2-1/2"]
[ECO "C48"]
[WhiteElo "2238"]
[BlackElo "2429"]
[Annotator ""]
[PlyCount "190"]
[EventDate "2016.??.??"]
[EventType "team-tourn"]
[EventCountry "AZE"]
[SourceTitle "playchess.com"]
[Source "ChessBase"]
[WhiteTeam "Estonia"]
[BlackTeam "Iran"]
[WhiteTeamCountry "EST"]
[BlackTeamCountry "IRI"]
[TimeControl "40/5400+30:1800+30"]

1. e4 {(00:00} e5 {(00:00} 2. Nf3 {(00:00} Nc6 {
(00:00} 3. Nc3 {(00:06} Nf6 {(00:14} 4. Bb5 {(
00:14} Bc5 {(00:58} 5. O-O {(00:16} O-O {(01:29} 6.
Nxe5 {(00:23} Nxe5 {(00:07} 7. d4 {(00:13} Bd6 {
(00:06} 8. f4 {(00:18} Nc6 {(00:19} 9. e5 {(00:
16} Bb4 {(00:32} 10. exf6 {(00:23} Qxf6 {(00:52} 11.
Nd5 {(00:24} Qxd4+ {(06:29} 12. Qxd4 {(00:20} Nxd4 {
(00:06} 13. Nxc7 {(00:26} Rb8 {(04:29} 14. Bd3 {
(02:09} Bd6 {(10:55} 15. Nd5 {(04:36} b6 {(00:
54} 16. Be3 {(03:00} Ne6 {(00:51} 17. f5 {(16:23} Nc5
{(00:08} 18. Bc4 {(13:46} Bb7 {(17:22} 19. f6 {(
23:10} Rfe8 {(15:29} 20. Bd4 {(11:16} g6 {(11:11} 21.
Nc3 {(06:09} Rbc8 {(04:18} 22. Bd5 {(06:57} Bxd5 {
(02:11} 23. Nxd5 {(00:09} Ne6 {(00:32} 24. Bc3 {
(02:41} Ng5 {(02:12} 25. Rae1 {(04:29} Ne4 {(03:
28} 26. Bd4 {(02:22} Re6 {(00:18} 27. Nc3 {(02:23}
Rce8 {(04:17} 28. Nxe4 {(00:31} Rxe4 {(00:05} 29. Rxe4
{(00:22} Rxe4 {(00:05} 30. c3 {(00:39} h5 {(01:
01} 31. Rd1 {(00:35} Re6 {(00:21} 32. g3 {(00:28} Kh7
{(00:18} 33. Rd2 {(00:32} g5 {(00:15} 34. Rf2 {(
00:30} Kg6 {(00:23} 35. Kg2 {(00:24} Bc5 {(01:37} 36.
Bxc5 {(00:29} bxc5 {(00:06} 37. Rd2 {(00:35} d6 {
(00:23} 38. Kf3 {(00:25} Kxf6 {(00:49} 39. Rd5 {
(00:26} Kg6 {(00:43} 40. b4 {(00:00} cxb4 {(00:
00} 41. cxb4 {(00:45} f6 {(02:30} 42. Ra5 {(01:18} Re7
{(01:07} 43. Rd5 {(01:58} g4+ {(11:46} 44. Kf2 {
(01:40} Rc7 {(00:11} 45. a3 {(02:20} Rc2+ {(00:
56} 46. Kg1 {(01:40} Rc6 {(01:33} 47. Kf2 {(10:35} Ra6
{(00:54} 48. b5 {(03:14} Rxa3 {(01:46} 49. Rxd6 {
(00:12} Ra2+ {(00:07} 50. Kg1 {(00:25} Kf5 {(04:
07} 51. b6 {(05:00} axb6 {(04:06} 52. Rxb6 {(00:07}
Kg5 {(00:09} 53. Rb5+ {(02:13} f5 {(00:07} 54. Rc5 {
(00:46} Re2 {(01:22} 55. Rb5 {(02:08} h4 {(03:
59} 56. gxh4+ {(01:37} Kf4 {(00:17} 57. h5 {(01:49}
Re3 {(00:08} 58. h6 {(01:53} Rh3 {(00:05} 59. Rb6 {
(00:21} Kg5 {(00:06} 60. Kg2 {(00:39} Rxh6 {(00:
11} 61. Rb3 {(00:20} f4 {(00:55} 62. Rb5+ {(00:39} Kh4
{(00:06} 63. Rf5 {(00:31} f3+ {(00:08} 64. Kf2 {
(00:31} Rc6 {(01:12} 65. Rf8 {(00:23} Rc2+ {(01:
25} 66. Kg1 {(00:30} Rc5 {(02:43} 67. Rh8+ {(00:36}
Kg5 {(00:05} 68. Rg8+ {(00:29} Kf4 {(00:14} 69. Rf8+ {
(00:25} Rf5 {(00:12} 70. Ra8 {(00:34} Re5 {(00:
07} 71. Kf1 {(00:30} Re4 {(00:19} 72. Ra7 {(00:34} Rd4
{(00:25} 73. Rf7+ {(00:30} Ke3 {(00:30} 74. Re7+ {
(00:05} Re4 {(00:05} 75. Ra7 {(00:23} Re5 {(01:
29} 76. Ra8 {(01:01} Rd5 {(01:29} 77. Re8+ {(00:24}
Kf4 {(00:21} 78. Rf8+ {(00:18} Rf5 {(00:18} 79. Ra8 {
(00:29} Kg5 {(00:16} 80. Rg8+ {(00:32} Kh4 {(00:
06} 81. Rh8+ {(00:47} Rh5 {(00:10} 82. Rg8 {(00:28}
Rh7 {(00:27} 83. Kf2 {(00:29} Rh6 {(00:32} 84. Rg7 {
(00:27} Rh8 {(00:45} 85. Ra7 {(00:31} Kh3 {(00:
07} 86. Rg7 {(00:35} Rh4 {(00:09} 87. Kg1 {(00:29} f2+
{(00:17} 88. Kxf2 {(00:09} Kxh2 {(00:07} 89. Rg8 {
(00:41} Kh3 {(00:13} 90. Kg1 {(00:28} Rh6 {(00:
04} 91. Ra8 {(00:40} Rb6 {(00:58} 92. Ra3+ {(00:16} g3
{(00:07} 93. Ra1 {(00:11} Rb2 {(00:33} 94. Rc1 {
(00:17} Ra2 {(00:07} 95. Rb1 {(00:14} Rc2 1/2-1/2

[Event "42nd Olympiad Baku 2016 Women"]
[Site "Baku"]
[Date "2016.09.08"]
[Round "6.26"]
[White "Nasriddinzoda, Marvorii"]
[Black "Mezioud, Amina"]
[Result "0-1"]
[ECO "A04"]
[WhiteElo "2073"]
[BlackElo "2043"]
[Annotator ""]
[PlyCount "178"]
[EventDate "2016.??.??"]
[EventType "team-tourn"]
[EventCountry "AZE"]
[SourceTitle "playchess.com"]
[Source "ChessBase"]
[WhiteTeam "Tajikistan"]
[BlackTeam "Algeria"]
[WhiteTeamCountry "TJK"]
[BlackTeamCountry "ALG"]
[TimeControl "40/5400+30:1800+30"]

1. Nf3 {(00:00} c5 {(00:03} 2. g3 {(00:00} e6 {(
00:13} 3. Bg2 {(00:09} Nc6 {(00:18} 4. d3 {(01:06} d5
{(00:16} 5. Nbd2 {(00:23} Nf6 {(01:43} 6. O-O {(
01:10} Be7 {(02:17} 7. e4 {(01:28} Qc7 {(00:12} 8. Re1
{(00:40} dxe4 {(02:45} 9. dxe4 {(01:05} e5 {(01:
17} 10. c3 {(01:40} h6 {(03:04} 11. Qc2 {(04:26} Be6 {
(01:04} 12. Nf1 {(02:26} O-O-O {(10:29} 13. Ne3 {
(06:15} g6 {(01:03} 14. Bd2 {(03:14} Rd7 {(07:
46} 15. b3 {(18:13} Rhd8 {(01:42} 16. Rad1 {(03:55}
Kb8 {(11:24} 17. Bc1 {(13:09} Rxd1 {(05:10} 18. Nxd1 {
(00:43} Bf8 {(03:57} 19. Nb2 {(12:16} Nd7 {(15:
15} 20. Nd1 {(04:15} Nb6 {(07:12} 21. Ne3 {(03:45} Nc8
{(10:49} 22. Nd2 {(05:54} Nb6 {(02:02} 23. Nf3 {
(03:43} Nc8 {(00:06} 24. h4 {(01:00} b5 {(00:54]
} 25. Bf1 {(04:49} b4 {(01:33} 26. cxb4 {(01:06} Nxb4 {
(02:18} 27. Qb1 {(00:08} Nb6 {(01:03} 28. Bb2 {(
02:25} Nc6 {(00:17} 29. Bc3 {(02:53} Nd4 {(00:10} 30.
Nd2 {(00:18} Ka8 {(02:56} 31. Ba5 {(00:56} Qb7 {
(01:07} 32. Bc3 {(00:35} h5 {(00:59} 33. Bg2 {(
00:27} Kb8 {(00:30} 34. Nf3 {(00:42} Bg7 {(00:41} 35.
Ng5 {(00:23} Bc8 {(00:42} 36. b4 {(01:04} Na4 {(
00:22} 37. Bd2 {(00:31} f6 {(00:11} 38. Nh7 {(00:48}
Rh8 {(00:29} 39. Qd1 {(00:23} Rxh7 {(00:13} 40. Qxa4 {
(00:00} Bf8 {(00:00} 41. Qe8 {(07:27} Qf7 {(04:
43} 42. Qxf7 {(01:00} Rxf7 {(00:05} 43. bxc5 {(00:17}
Bxc5 {(00:07} 44. Nd5 {(00:44} Be6 {(00:38} 45. Rb1+ {
(00:32} Rb7 {(01:00} 46. Rxb7+ {(03:13} Kxb7 {(
00:05} 47. Kf1 {(02:07} Bxd5 {(00:22} 48. exd5 {(00:09]
} Bd6 {(01:01} 49. Ke1 {(02:37} Bb4 {(05:23} 50. Bxb4 {
(01:15} Nc2+ {(00:05} 51. Kd2 {(00:04} Nxb4 {(
00:09} 52. a3 {(00:11} Na6 {(00:16} 53. Kc3 {(03:23}
Kc7 {(00:04} 54. Kc4 {(01:54} Kd6 {(00:08} 55. f4 {
(01:49} Nc5 {(04:48} 56. fxe5+ {(01:10} fxe5 {(
00:02} 57. Kc3 {(01:43} Na4+ {(02:01} 58. Kd3 {(01:47}
Nb6 {(00:17} 59. Be4 {(00:14} Nxd5 {(00:05} 60. Bxg6 {
(00:06} Nf6 {(00:24} 61. Ke3 {(01:34} Kc5 {(01:
50} 62. Bf7 {(01:02} Kd6 {(00:58} 63. Bg6 {(02:04} Ke6
{(00:11} 64. Bc2 {(00:53} Ng4+ {(00:48} 65. Kf3 {
(00:45} Kd5 {(02:50} 66. Bg6 {(02:36} Nf6 {(00:
08} 67. Ke3 {(00:58} e4 {(02:05} 68. Bf7+ {(01:03} Ke5
{(00:09} 69. a4 {(00:34} Kf5 {(06:21} 70. Bb3 {(
01:22} Kg4 {(01:18} 71. Kf2 {(00:18} Kf5 {(02:31} 72.
Ke3 {(00:05} a5 {(01:04} 73. Bd1 {(00:58} Ke5 {(
00:10} 74. Bb3 {(00:05} Ng4+ {(00:21} 75. Ke2 {(00:41}
Kd4 {(00:21} 76. Be6 {(01:01} Nf6 {(02:45} 77. Bf7 {
(00:31} Kc5 {(04:20} 78. Bb3 {(01:15} Kb4 {(00:
05} 79. Bc2 {(00:29} Kc3 {(00:15} 80. Bd1 {(00:35} Kd4
{(01:47} 81. Bb3 {(00:16} Nd5 {(00:51} 82. Bxd5 {
(00:44} Kxd5 {(00:16} 83. Ke3 {(00:52} Ke5 {(00:
04} 84. Ke2 {(00:15} Kd4 {(01:37} 85. Kd2 {(00:15} e3+
{(00:18} 86. Ke2 {(00:03} Ke4 {(00:02} 87. g4 {(
00:41} hxg4 {(00:09} 88. h5 {(00:31} g3 {(00:46} 89.
Kf1 {(00:55} Kf3 {(00:08} 0-1

[Event "42nd Olympiad Baku 2016 Women"]
[Site "Baku"]
[Date "2016.09.08"]
[Round "6.32"]
[White "Navrotescu, Andreea-Cristiana"]
[Black "Mahmutbegovic, Nadina"]
[Result "1/2-1/2"]
[ECO "A20"]
[WhiteElo "2235"]
[BlackElo "1908"]
[Annotator ""]
[PlyCount "136"]
[EventDate "2016.??.??"]
[EventType "team-tourn"]
[EventCountry "AZE"]
[SourceTitle "playchess.com"]
[Source "ChessBase"]
[WhiteTeam "France"]
[BlackTeam "Bosnia  Herzegovina"]
[WhiteTeamCountry "FRA"]
[BlackTeamCountry "BIH"]
[TimeControl "40/5400+30:1800+30"]

1. c4 {(00:00} e5 {(00:28} 2. g3 {(00:00} g6 {(
00:12} 3. Bg2 {(00:07} Bg7 {(00:07} 4. Nc3 {(00:16}
Nf6 {(01:06} 5. e4 {(01:10} Nc6 {(01:08} 6. Nge2 {
(00:15} d6 {(00:30} 7. d3 {(00:23} Be6 {(03:53}
8. Nd5 {(00:52} h6 {(10:33} 9. O-O {(02:25} Ne7 {
(08:09} 10. f4 {(08:00} Nfxd5 {(08:22} 11. cxd5 {
(00:25} Bg4 {(05:00} 12. f5 {(24:48} gxf5 {(14:
50} 13. h3 {(00:06} Bxe2 {(01:23} 14. Qxe2 {(00:03}
Qd7 {(01:37} 15. exf5 {(00:37} Bf6 {(00:58} 16. a4 {
(05:30} O-O-O {(06:26} 17. Qf2 {(00:43} Kb8 {(
00:36} 18. Be3 {(00:10} Nc8 {(03:35} 19. Qc2 {(08:59}
Rdg8 {(02:47} 20. Kh2 {(02:53} Ne7 {(04:27} 21. Be4 {
(00:34} c6 {(02:23} 22. dxc6 {(03:50} Nxc6 {(00:
08} 23. Qb3 {(01:56} Nd4 {(04:19} 24. Qd5 {(08:17} Rc8
{(07:22} 25. Rac1 {(04:47} Bg5 {(03:37} 26. Bxd4 {
(08:28} exd4 {(00:48} 27. Rc4 {(00:18} Rxc4 {(
00:49} 28. dxc4 {(00:19} Be3 {(03:32} 29. c5 {(01:49}
Qc6 {(01:49} 30. cxd6 {(07:00} Qxd5 {(01:00} 31. Bxd5 {
(00:01} Rf8 {(01:27} 32. a5 {(03:23} Kc8 {(00:
16} 33. Rd1 {(00:35} Kd7 {(00:47} 34. Bxb7 {(00:06}
Kxd6 {(00:38} 35. g4 {(03:10} Kc5 {(01:03} 36. Rd3 {
(01:23} Kb4 {(00:32} 37. a6 {(00:12} Kc4 {(00:
08} 38. Be4 {(01:34} Rb8 {(00:16} 39. b3+ {(00:46}
Rxb3 {(00:05} 40. Rxb3 {(00:00} Kxb3 {(00:00} 41. Bd5+
{(00:45} Kc3 {(00:53} 42. Bxf7 {(01:07} d3 {(00:
51} 43. Bd5 {(00:17} d2 {(06:51} 44. Bf3 {(00:08} Kd4
{(14:20} 45. Kg3 {(00:53} Ke5 {(00:39} 46. Bd1 {
(03:55} Bb6 {(00:32} 47. Bc2 {(03:47} Bd8 {(00:
14} 48. Kf3 {(01:10} Be7 {(00:35} 49. Ke3 {(00:28}
Bg5+ {(00:14} 50. Kd3 {(00:28} Kd5 {(03:37} 51. Bb3+ {
(00:22} Ke5 {(00:17} 52. Kc4 {(00:14} Kf6 {(01:
34} 53. Kd5 {(00:17} Bh4 {(00:16} 54. Kd6 {(01:12}
Bg3+ {(00:40} 55. Kc6 {(00:22} Bf2 {(00:48} 56. Kb7 {
(00:10} Be3 {(00:44} 57. Bc2 {(03:40} Bf2 {(00:
12} 58. Kc8 {(01:48} Bh4 {(00:27} 59. Kd7 {(00:15} Bf2
{(00:06} 60. Ke8 {(00:09} Bc5 {(00:17} 61. Kd7 {
(03:29} Bf2 {(00:12} 62. Ke8 {(00:06} Bc5 {(00:
06} 63. Bd1 {(01:48} Bd6 {(00:41} 64. Ba4 {(00:10} Bc5
{(00:07} 65. Bc2 {(00:04} Bd6 {(00:42} 66. Kd7 {
(00:24} Bc5 {(00:08} 67. h4 {(00:07} Bf2 {(00:
08} 68. h5 {(03:33} Ke5 1/2-1/2